 Dungeon Crawl Stone Soup version 0.31.0-1-g2c135a008e (webtiles) character file.

Game seed: 9428835452989885825

112 qw the Shooter (level 5, 0/40 HPs)
             Began as a Djinni Hunter on Jan 23, 2024.
             Slain by a kobold brigand
             ... wielding a +0 whip
              (5 damage)
             ... on level 3 of the Dungeon.
             The game lasted 00:00:08 (2175 turns).

qw the Shooter (Djinni Hunter)                      Turns: 2175, Time: 00:00:08

Health: 0/40       AC:  5    Str:  7 (10) XL:     5   Next: 16%
Gold:   171        EV: 15    Int: 10 (11) God:
                   SH:  0    Dex: 17 (18)

rFire   + + .        a - +0 shortbow
rCold   x . .        (shield currently unavailable)
rNeg    . . .        g - +0 ring mail
rPois   inf          (no helmet)
rElec   .            (no cloak)
rCorr   .            (no gloves)
SInv    .            (boots unavailable)
Will    .....        (no amulet)
Stlth   +            e - +5 ring of evasion
HPRegen 0.26/turn    (no ring)
MPRegen 0.00/turn

%: infuse magic (-1 HP)
@: flying
A: sickness immunity, fire resistance 2, cold vulnerability 1, float, innate
caster, HP casting, extra vitality 1
a: no special abilities


You were on level 3 of the Dungeon.
You visited 1 branch of the dungeon, and saw 3 of its levels.

You collected 171 gold pieces.


Innate Abilities, Weirdness & Mutations

You are immune to sickness and miasma.
You are immune to poison.
Your flesh is very heat resistant. (rF++)
You are vulnerable to cold. (rC-)
You float through the air rather than walking.
You learn spells naturally, not from books.
Your magical power is your life essence.
You have superior vitality. (+4 MHP)


   Skills:
 - Level 3.0 Fighting
 + Level 4.5 Ranged Weapons
 - Level 1.0 Armour
 - Level 2.1 Dodging
 - Level 0.7 Stealth


You knew the following spells:

 Your Spells              Type           Power      Damage    Failure   Level
a - Kiss of Death         Conj/Necr      0%         2d5       78%         1
b - Jinxbite              Hex            0%         N/A       89%         2
Your spell library was empty.

Inventory:

Hand Weapons
 a - a +0 shortbow (weapon)
Armour
 g - a +0 ring mail (worn)
Jewellery
 b - a +6 ring of strength
 e - a +5 ring of evasion (left hand)
Potions
 d - a potion of haste
 f - 3 potions of curing

Dungeon Overview and Level Annotations

Branches:
Dungeon (3/15)

Altars:
Wu Jian

Annotations:
D:3 Grinder


Message History

You kill the kobold!
The kobold brigand hits you with a +0 whip.
You shoot an arrow.
The arrow completely misses the kobold brigand.
The arrow hits the kobold.
The kobold is moderately wounded.
The kobold brigand hits you with a +0 whip.
The kobold brigand barely misses you.
You shoot an arrow.
The arrow barely misses the kobold brigand.
The arrow hits the kobold but does no damage.
The kobold is moderately wounded.
The kobold brigand completely misses you.
You shoot an arrow.
The arrow completely misses the kobold brigand.
The arrow hits the kobold.
The kobold is severely wounded.
The kobold brigand hits you with a +0 whip.
The kobold brigand hits you with a +0 whip!
You shoot an arrow.
The arrow barely misses the kobold brigand.
The arrow hits the kobold!
You kill the kobold!
The kobold brigand closely misses you.
You shoot an arrow.
The arrow hits the kobold brigand but does no damage.
The kobold brigand is heavily wounded.
The kobold brigand misses you.
You shoot an arrow.
The arrow closely misses the kobold brigand.
The arrow closely misses the kobold.
The kobold brigand closely misses you. x2
You shoot an arrow.
The arrow hits the kobold brigand but does no damage.
The kobold brigand is heavily wounded.
The kobold brigand hits you with a +0 whip.
You shoot an arrow. The arrow hits the kobold brigand.
The kobold brigand is severely wounded.
The kobold brigand hits you with a +0 whip.
You die...

5....#.#.#..#####.##)#..#...#.#
.....#.#.#.........#.########.#
......................>.....#.#
############'######..#.####.#.#
#.# ###### #.#.# #.# %..# ##.#
#... ##.## %.%.. #..#
#...####...####K.%... ####
#...+........@KK)...)
#...####...####.%%...
#......##.## .%... #.......#.#
%..# #......##%# ###
#.......#'# ######).##...#
..###..####### ..#...##


You could see a kobold brigand and 2 kobolds.

Vanquished Creatures
  4 adders
  2 dart slugs
  2 orcs (D:3)
  6 ball pythons
  3 bats
  5 endoplasms
  3 giant cockroaches
  6 goblins
  5 hobgoblins
  3 jackals (D:2)
  12 kobolds
  2 quokkas (D:1)
  4 frilled lizards (D:1)
  7 rats
64 creatures vanquished.

Notes
Turn   | Place    | Note
-------+----------+-------------------------------------------
     0 | D:1      | qw the Djinni Hunter began the quest for the Orb.
     0 | D:1      | Reached XP level 1. HP: 18/18 MP: 0/0
     0 | D:1      | 0 ||| qw: Version: 0.3-a-132-g3d54051
     0 | D:1      | 0 ||| qw: Game counter: 644
     0 | D:1      | 0 ||| qw: Melee chars always use a shield: true
     0 | D:1      | 0 ||| qw: God list: Okawaru
     0 | D:1      | 0 ||| qw: Allow faded altars: false
     0 | D:1      | 0 ||| qw: Do Orc after clearing Dungeon:15 true
     0 | D:1      | 0 ||| qw: Do second Lair branch before Depths: true
     0 | D:1      | 0 ||| qw: Lair rune preference: random
     0 | D:1      | 0 ||| qw: Goals: Normal
     0 | D:1      | 0 ||| PLANNING D:1-11
    33 | D:1      | Reached XP level 2. HP: 23/23 MP: 0/0
   259 | D:1      | Reached XP level 3. HP: 28/28 MP: 0/0
   259 | D:1      | Learned a level 1 spell: Kiss of Death
   329 | D:1      | Reached skill level 4 in Ranged Weapons
   355 | D:1      | Found a faded altar of an unknown god.
   564 | D:1      | 564 ||| DROPPING scarf of harm.
   565 | D:1      | 565 ||| UPGRADING to +0 ring mail.
   575 | D:1      | 575 ||| DROPPING +0 leather armour.
   576 | D:1      | 576 ||| READING 2 scrolls labelled OJAD FAUPOQE.
   579 | D:1      | 579 ||| READING scroll labelled KORUTTOXTYU.
   580 | D:1      | 580 ||| READING scroll labelled JUIWKI KUUSUELAEGE.
   681 | D:1      | 681 ||| DRINKING 2 fuming white potions.
   682 | D:1      | 682 ||| DRINKING 3 green potions.
   683 | D:1      | 683 ||| DROPPING scroll of butterflies.
   684 | D:1      | 684 ||| DROPPING potion of degeneration.
  1045 | D:2      | Reached skill level 1 in Armour
  1068 | D:2      | Reached XP level 4. HP: 34/34 MP: 0/0
  1134 | D:2      | Reached skill level 3 in Fighting
  1605 | D:2      | 1605 ||| UPGRADING to +5 ring of evasion.
  1606 | D:2      | 1606 ||| READING scroll labelled GIETOPNOPREXYQ.
  1607 | D:2      | 1607 ||| FLEEEEING.
  1717 | D:2      | 1717 ||| READING 2 scrolls labelled KIBBIG YNTIEH.
  1717 | D:2      | 1717 ||| IDENTIFYING fuming red potion
  1718 | D:2      | 1718 ||| READING scroll of identify.
  1718 | D:2      | 1718 ||| IDENTIFYING black potion
  1719 | D:2      | 1719 ||| DROPPING potion of ambrosia.
  1851 | D:3      | Noticed Grinder
  1860 | D:3      | Paralysed by Grinder for 3 turns
  1861 | D:3      | HP: 6/35 [Grinder (3)]
  1863 | D:3      | 1863 ||| READING scroll of teleportation.
  2009 | D:3      | Found an ornate altar of the Wu Jian Council.
  2021 | D:3      | Reached XP level 5. HP: 38/40 MP: 0/0
  2021 | D:3      | Learned a level 2 spell: Jinxbite
  2154 | D:3      | Found the +7 Throatcutter {drain, coup de grace}
  2154 | D:3      | Noticed a kobold brigand
  2170 | D:3      | HP: 10/40 [kobold brigand/+0 whip (7)]
  2175 | D:3      | Slain by a kobold brigand

Levels and vault maps discovered:
D:1:      minmay_arrival_radiant_lines, layout_basic,
          ebering_ecumenical_altar_webs
D:2:      layout_loops_corners, roderic_serpentine_path
D:3:      layout_basic, mainiacjoe_overflow_cross_hatched, serial_shops, shop,
          dilly_guarded_unrand_throatcut, uniq_jessica, uniq_grinder

Skill      XL: |  1  2  3  4 |
---------------+-------------+-----
Ranged Weapons | 4 |  4.5
Armour         | 1 |  1.0
Fighting       | 3 |  3.0
Dodging        | |  2.1
Stealth        | |  0.7

Action                     |  1- 3 |  4- 6 || total
---------------------------+-------+-------++-------
   Fire: Shortbow          |    88 |    99 ||   187
    Use: Scroll            |     3 |     4 ||     7
         Potion            |     2 |       ||     2
 Armour: Leather armour    |     2 |       ||     2
         Ring mail         |     2 |    35 ||    37
  Dodge: Dodged            |    19 |    38 ||    57

Table legend:
 A = Non-vault XP
 B = Vault XP
 C = Vault XP percentage of total XP
 D = Non-vault monster count
 E = Vault monster count
 F = Vault count percentage of total count
                 A         B        C        D         E       F
            +---------+---------+-------+---------+---------+-------
      Total |     151 |       9 |   5.6 |      59 |       5 |   7.8
            +---------+---------+-------+---------+---------+-------
        D:1 |      44 |       0 |   0.0 |      26 |       0 |   0.0
        D:2 |      73 |       0 |   0.0 |      22 |       0 |   0.0
        D:3 |      34 |       9 |  20.9 |      11 |       5 |  31.2
            +---------+---------+-------+---------+---------+-------
